 Dungeon Crawl Stone Soup version 0.26-a0-504-g0cf647090d (webtiles) character file.

Game seed: 5734838993944643485

95016 ANON1729 the Unseen (level 16, -12/100 HPs)
             Began as a Kobold Brigand on Aug 8, 2020.
             Was an Elder of Wu Jian.
             Shot with a bolt by a naga sharpshooter (29 damage)
             ... on level 1 of the Snake Pit.
             The game lasted 01:13:26 (29742 turns).

ANON1729 the Unseen (Kobold Brigand)               Turns: 29742, Time: 01:13:27

Health: -12/100    AC:  8    Str: 10    XL:     16   Next: 62%
Magic:  33/33      EV: 26    Int: 16    God:    Wu Jian [****..]
Gold:   1829       SH:  7    Dex: 22    Spells: 23/26 levels left

rFire    + . .     SeeInvis +   T - +3 dagger (distort)
rCold    x . .     Faith    .   U - +0 buckler {rN+}
rNeg     + + +     Spirit   .   W - +2 leather armour {rN+}
rPois    +         Reflect  .   e - +0 helmet
rElec    .         Harm     .   c - +0 cloak
rCorr    .                      O - +0 pair of gloves
MR       +....                  (no boots)
Stlth    +++++++++.             o - amulet of the acrobat
HPRegen  0.26/turn              t - ring "Keolanan" {Fire rPois rN++ MP+9 Int+4 Stlth+}
MPRegen  0.23/turn              v - ring of see invisible

@: serpent's lash
A: small, nightstalker 3
a: Wall Jump, Serpent's Lash, Renounce Religion


You were on level 1 of the Snake Pit.
You worshipped Wu Jian.
Wu Jian was greatly pleased with you.
You visited 5 branches of the dungeon, and saw 24 of its levels.
You visited the Abyss 1 time.

You collected 2157 gold pieces.
You spent 328 gold pieces at shops.

Inventory:

Hand Weapons
 w - a +1 dagger of distortion
 B - a +2 dagger of flaming
 T - a +3 dagger of distortion (weapon)
Missiles
 d - 47 poisoned darts
 E - 10 atropa-tipped darts (quivered)
 X - 8 curare-tipped darts
Armour
 c - a +0 cloak (worn)
 e - a +0 helmet (worn)
 O - a +0 pair of gloves (worn)
 U - a +0 buckler of positive energy (worn)
 W - a +2 leather armour of positive energy (worn)
Jewellery
 n - a +4 ring of evasion
 o - an amulet of the acrobat (around neck)
 s - an uncursed ring of protection from cold
 t - the ring "Keolanan" (left hand) {Fire rPois rN++ MP+9 Int+4 Stlth+}
   (You acquired it on level 11 of the Dungeon)

   [ring of fire]

   It enhances your fire magic.
   It affects your intelligence (+4).
   It protects you from fire.
   It makes you vulnerable to cold.
   It protects you from poison.
   It greatly protects you from negative energy.
   It affects your magic capacity (+9).
   It makes you more stealthy.
 u - an uncursed ring of flight
 v - a ring of see invisible (right hand)
 F - a +4 ring of protection
 P - an uncursed ring of resist corrosion
Wands
 a - a wand of flame (43)
 A - a wand of disintegration (27)
 C - a wand of enslavement (3)
 K - a wand of polymorph (51)
 M - a wand of digging (9)
 Y - a wand of acid (15)
Scrolls
 b - 3 scrolls of vulnerability
 g - 8 scrolls of immolation
 h - 3 scrolls of enchant armour
 i - 3 scrolls of blinking
 j - 14 scrolls of remove curse
 l - 14 scrolls of teleportation
 m - 4 scrolls of magic mapping
 q - 7 scrolls of fear
 x - 3 scrolls of enchant weapon
 y - a scroll of holy word {unknown}
 z - 2 scrolls of torment {unknown}
 I - a scroll of summoning {unknown}
 Q - a scroll of silence {unknown}
 Z - 4 scrolls of amnesia
Potions
 f - 14 potions of curing
 k - 3 potions of heal wounds
 p - 3 potions of flight
 r - a potion of stabbing
 D - a potion of cancellation
 G - 2 potions of resistance
 H - 2 potions of invisibility
 J - 3 potions of haste
 L - 7 potions of mutation
 N - 2 potions of berserk rage
 R - 3 potions of might
 S - 5 potions of brilliance
Miscellaneous
 V - a condenser vane (4/4)


   Skills:
 + Level 11.3 Fighting
 * Level 17.2 Short Blades
 + Level 11.4 Throwing
 + Level 12.1 Dodging
 + Level 17.7 Stealth
 - Level 4.0 Shields
 + Level 5.5 Spellcasting
 + Level 5.4 Air Magic
 + Level 9.8 Evocations


You had 23 spell levels left.
You knew the following spells:

 Your Spells              Type           Power        Failure   Level
a - Swiftness             Air            ###.....     3%          2
b - Apportation           Tloc           #.....       22%         1

Your spell library contained the following spells:

 Spells                   Type           Power        Failure   Level
 Shock                    Conj/Air       ##..         8%          1
 Poisonous Vapours        Pois/Air       ##....       11%         2
 Corona                   Hex            #......      22%         1
 Static Discharge         Conj/Air       ##......     22%         3
 Airstrike                Air            ###.......   24%         4
 Mephitic Cloud           Conj/Pois/Air  ##......     32%         3
 Ensorcelled Hibernation  Hex/Ice        #.....       34%         2
 Slow                     Hex            #.......     34%         2
 Confusing Touch          Hex            #.......     56%         3
 Conjure Flame            Conj/Fire      #.......     56%         3
 Dazzling Flash           Conj/Hex       #.....       56%         3
 Inner Flame              Hex/Fire       #.......     56%         3
 Lesser Beckoning         Tloc           #.........   56%         3
 Portal Projectile        Hex/Tloc       #.....       56%         3
 Spider Form              Tmut/Pois      #.........   56%         3
 Tukima's Dance           Hex            #.......     56%         3
 Lightning Bolt           Conj/Air       ##........   90%         5
 Silence                  Hex/Air        ##........   90%         5
 Cause Fear               Hex            #.........   92%         4
 Leda's Liquefaction      Hex/Erth       #.........   92%         4
 Alistair's Intoxication  Tmut/Pois      #........    99%         5
 Bolt of Magma            Conj/Fire/Erth #.........   99%         5
 Iskenderun's Battlesphe  Conj           #.......     99%         5
 Conjure Ball Lightning   Conj/Air       ##........   100%        6
 Freezing Cloud           Conj/Ice/Air   ##........   100%        6
 Invisibility             Hex            #.......     100%        6
 Iron Shot                Conj/Erth      #.........   100%        6
 Orb of Destruction       Conj           #.........   100%        7
 Spellforged Servitor     Conj/Summ      #.........   100%        7


Dungeon Overview and Level Annotations

Branches:
Dungeon (14/15)            Temple (1/1) D:4            Lair (6/6) D:8
  Swamp (0/4) Lair:4        Snake (1/4) Lair:2        Slime (0/5) Lair:5
    Orc (2/2) D:9             Elf (0/3) Orc:2        Vaults (0/5) D:14

Altars:
Ashenzari
Cheibriados
Dithmenos
Elyvilon
Fedhas
Gozag
Hepliaklqana
Kikubaaqudgha
Makhleb
Nemelex Xobeh
Okawaru
Qazlal
Ru
Sif Muna
Trog
Uskayaw
Vehumet
Wu Jian
Xom
Yredelemnul
Zin
The Shining One

Shops:
D:8 =   D:12 *   Orc:1 (   Orc:2 ((!((   Snake:1 *

Portals:
Trove: D:14 (give 19 potions of curing)

Annotations:
D:6 exclusion: oklob plant
Abyss:1 Urug


Innate Abilities, Weirdness & Mutations

You are small and have problems with some larger weapons.
You are completely attuned to the shadows.


Message History

The naga sharpshooter is moderately wounded.
You hit the naga sharpshooter but do no damage.
Space warps horribly around the naga sharpshooter!!
The naga sharpshooter is severely wounded.
You barely miss the naga sharpshooter.
The naga sharpshooter is severely wounded.
The naga sharpshooter casts a spell.
The naga sharpshooter magically shoots a bolt.
The bolt completely misses you.
You closely miss the naga sharpshooter.
The naga sharpshooter is severely wounded.
A black mamba comes into view.
The black mamba hisses angrily.
You hit the naga sharpshooter but do no damage.
Space bends around the naga sharpshooter.
The naga sharpshooter is severely wounded.
The naga sharpshooter mumbles some strange words.
The naga sharpshooter magically shoots a bolt.
The bolt hits you!!
You die...

..####..# .## ##.##
.# ##.# .# ##..# ####
#..## ## .S
##.###.###.....# #.
.#.##.###......##.#
#..#.####.......N.#..
##...# #...)....@....
##.#.###...(....#....
####.##.....(......P.
## ####....(.......∩P
.###............#....
.##.###.........#...
...## ..........#
..## .###.. .##


You could see a naga sharpshooter and a black mamba.

Vanquished Creatures
  A lich (Abyss:2)
  A tentacled starspawn (Abyss:2)
  An ironheart preserver (D:14)
  A deep elf demonologist (Abyss:2)
  The ghost of Sar the Cleaver, a journeyman DEDe of Trog (Orc:2)
  Josephine (D:11)
  5 hydras
  Harold (D:9)
  A centaur warrior (D:10)
  A catoblepas (Lair:3)
  Erolcha (D:9)
  Erica (D:11)
  8 two-headed ogres
  An ogre mage (D:12)
  A tengu warrior (D:14)
  2 hell hogs (Abyss:2)
  An orc high priest (Orc:2)
  Nergalle (Lair:2)
  Sonja (D:13)
  4 unseen horrors
  A flayed ghost (Abyss:2)
  A spatial maelstrom (Abyss:2)
  A necromancer (Abyss:2)
  Pikel (D:5)
  A deep elf mage (D:13)
  2 orc knights (Orc:2)
  4 orc sorcerers (Orc:2)
  An oklob plant (Lair:5)
  A cyclops (D:14)
  A manticore (D:14)
  2 ugly things
  A worldbinder (Abyss:2)
  4 elephants (Lair:2)
  4 black mambas
  Psyche (D:8)
  A gargoyle (D:13)
  12 cane toads
  2 smoke demons (Abyss:2)
  A hellion (Abyss:2)
  A large abomination (Abyss:2)
  5 rime drakes
  6 komodo dragons
  A kobold demonologist (D:12)
  3 tengu conjurers (D:13)
  2 polar bears
  A hornet (D:13)
  6 trolls
  A tyrant leech (Lair:4)
  8 hippogriffs
  4 blink frogs
  A slime creature (D:12)
  7 dream sheep (Lair:5)
  2 wyverns
  A water elemental (D:13)
  2 fire bats (Lair:1)
  4 wraiths
  2 basilisks
  A vampire (D:11)
  25 yaks
  Eustachio (D:5)
  2 steam dragons
  5 vampire mosquitoes
  3 wargs
  A naga (Snake:1)
  2 swamp worms (Lair:4)
  Edmund (D:4)
  9 water moccasins
  2 acid dragons
  16 porcupines
  A hornet zombie (D:7)
  17 orc warriors
  A phantom (D:9)
  A sky beast (D:12)
  A black bear (D:8)
  6 ice beasts
  12 ogres
  2 wolves (D:14)
  2 boggarts (D:14)
  2 necrophages (D:12)
  7 centaurs
  9 crocodiles
  3 lemures
  2 big kobolds
  13 bullfrogs
  Blork the orc (D:6)
  2 scorpions
  8 wights
  2 howler monkeys
  7 electric eels
  4 lava snakes (D:10)
  2 quasits
  2 bullfrog zombies (D:8)
  2 centaur zombies
  2 hounds
  19 orc priests
  5 jellies
  5 centaur skeletons
  2 iron imps (Abyss:2)
  Ijyb (D:5)
  A bullfrog skeleton (D:13)
  2 human zombies (D:14)
  8 iguanas
  21 orc wizards
  10 worker ants
  5 hell rats (Lair:3)
  2 ogre zombies (D:14)
  2 mummies (D:14)
  Robin (D:4)
  8 gnolls
  8 adders
  5 white imps
  An ufetubus (D:7)
  4 oozes
  An adder zombie (D:5)
  An adder skeleton (D:5)
  A worm (D:2)
  4 dart slugs
  5 leopard geckos
  74 orcs
  2 giant cockroaches
  21 goblins
  20 hobgoblins
  18 jackals
  32 kobolds
  A quokka (D:12)
  5 ball pythons
  5 bats
  5 frilled lizards
  3 orc zombies (D:14)
  9 rats
630 creatures vanquished.

Vanquished Creatures (collateral kills)
  An alligator zombie (Abyss:2)
  A black mamba skeleton (Abyss:2)
  A crocodile (Lair:1)
3 creatures vanquished.

Vanquished Creatures (others)
  2 hydras
  2 two-headed ogres
  2 hell hogs (Abyss:2)
  A tengu warrior (D:13)
  An orc high priest (Orc:2)
  A naga sharpshooter (Snake:1)
  2 unseen horrors
  A ghost moth zombie (Abyss:2)
  A deep troll (Orc:2)
  3 orc knights (Orc:2)
  A deep elf mage (D:14)
  2 orc sorcerers (Orc:2)
  7 ugly things
  2 slime creatures (D:12)
  2 cyclopes
  An elephant (Lair:2)
  A black mamba (Lair:2)
  3 centaur zombies
  A centaur skeleton (D:12)
  A gargoyle (D:14)
  2 orange demons (Abyss:2)
  A smoke demon (Abyss:2)
  An efreet (D:14)
  2 rime drakes (Lair:5)
  3 kobold demonologists (D:12)
  2 cane toads (Lair:2)
  An anaconda simulacrum (Abyss:2)
  A hellwing (Abyss:2)
  A polar bear (Lair:4)
  2 dream sheep (Lair:5)
  2 blink frogs
  4 wraiths
  11 yaks
  An ice dragon skeleton (Abyss:2)
  A wyvern (Lair:2)
  A vampire mosquito (D:13)
  2 nagas (Lair:2)
  4 water moccasins
  A porcupine (Lair:2)
  3 orc warriors
  A phantom (D:12)
  A sky beast (D:14)
  2 necrophages (D:12)
  2 ogres
  A boggart (shapeshifter) (D:14)
  2 boggarts (D:14)
  A wight (D:14)
  2 lava snakes (D:10)
  3 orc wizards
  A worker ant (D:10)
  A mummy (D:12)
  An adder (D:11)
  A leopard gecko (D:11)
  3 orcs
  A bush (Abyss:2)
  3 demonic plants (Abyss:2)
  6 fungi
  A lurking horror (Abyss:2)
  2 plants
  3 starspawn tentacles (Abyss:2)
  11 toadstools (D:6)
132 creatures vanquished.

Grand Total: 765 creatures vanquished

Notes
Turn   | Place    | Note
-------+----------+-------------------------------------------
     0 | D:1      | ANON1729 the Kobold Brigand began the quest for the Orb.
     0 | D:1      | Reached XP level 1. HP: 12/12 MP: 1/1
    74 | D:1      | Reached XP level 2. HP: 18/18 MP: 2/2
   149 | D:1      | Reached XP level 3. HP: 6/22 MP: 3/3
   679 | D:1      | Reached XP level 4. HP: 19/27 MP: 4/4
  1333 | D:2      | Found a sacrificial altar of Ru.
  1348 | D:2      | Reached XP level 5. HP: 32/32 MP: 5/5
  2318 | D:3      | Reached XP level 6. HP: 36/37 MP: 6/6
  2784 | D:4      | Noticed Robin
  2913 | D:4      | Killed Robin
  3498 | D:4      | Noticed Edmund
  3732 | D:4      | Found a staircase to the Ecumenical Temple.
  3862 | Temple   | Entered the Ecumenical Temple
  4246 | D:4      | Killed Edmund
  4246 | D:4      | Reached XP level 7. HP: 3/43 MP: 7/7
  4577 | D:5      | Entered Level 5 of the Dungeon
  4577 | D:5      | Noticed Pikel
  5119 | D:5      | Reached skill level 5 in Short Blades
  5277 | D:5      | Noticed Eustachio
  5280 | D:5      | Killed Eustachio
  5350 | D:5      | Killed Pikel
  5350 | D:5      | Reached XP level 8. HP: 5/48 MP: 8/8
  5958 | D:5      | Found a blossoming altar of Fedhas.
  6020 | D:5      | Reached skill level 5 in Fighting
  6020 | D:5      | Reached skill level 5 in Throwing
  6317 | D:5      | Noticed Ijyb
  6319 | D:5      | Killed Ijyb
  6319 | D:5      | Reached skill level 5 in Dodging
  6415 | D:5      | Found a sparkling altar of Nemelex Xobeh.
  6886 | D:5      | Reached XP level 9. HP: 54/54 MP: 9/9
  7155 | D:6      | Noticed an oklob plant
  7180 | D:6      | Found a blossoming altar of Fedhas.
  7497 | D:6      | Noticed Blork the orc
  7501 | D:6      | Killed Blork the orc
  8765 | D:7      | Found a snail-covered altar of Cheibriados.
  8848 | D:7      | Found an ornate altar of the Wu Jian Council.
  8881 | D:7      | Became a worshipper of the Wu Jian Council
  9534 | D:7      | Reached skill level 10 in Stealth
  9570 | D:8      | Found a staircase to the Lair.
 10082 | D:8      | Found Ramoeneraph's Jewellery Emporium.
 10651 | D:8      | Reached XP level 10. HP: 55/60 MP: 10/10
 10695 | D:8      | Noticed Psyche
 10722 | D:8      | Killed Psyche
 10989 | D:9      | Noticed a two-headed ogre
 10991 | D:9      | Killed a two-headed ogre
 11010 | D:9      | Found a staircase to the Orcish Mines.
 11078 | D:9      | Reached skill level 1 in Shields
 11107 | D:9      | Noticed Erolcha
 11110 | D:9      | Killed Erolcha
 11110 | D:9      | Reached skill level 10 in Short Blades
 11180 | D:9      | Reached * piety under Wu Jian
 11302 | D:9      | Noticed Harold
 11306 | D:9      | Killed Harold
 11306 | D:9      | Reached XP level 11. HP: 67/67 MP: 11/11
 11396 | D:9      | Found a shimmering altar of Xom.
 12281 | D:10     | Entered Level 10 of the Dungeon
 12282 | D:10     | Noticed Urug
 12304 | Lair:1   | Entered Level 1 of the Lair of Beasts
 12308 | Lair:1   | Reached skill level 1 in Evocations
 12629 | Lair:1   | Reached ** piety under Wu Jian
 12973 | Lair:1   | Noticed a seven-headed hydra
 12977 | Lair:1   | Killed a seven-headed hydra
 13792 | Lair:1   | Noticed a four-headed hydra
 13796 | Lair:1   | Killed a four-headed hydra
 13796 | Lair:1   | Reached XP level 12. HP: 73/73 MP: 12/12
 15072 | Lair:2   | Noticed a five-headed hydra
 15076 | Lair:2   | Killed a five-headed hydra
 15526 | Lair:2   | Noticed Nergalle
 15530 | Lair:2   | Killed Nergalle
 15927 | Lair:2   | Found a staircase to the Snake Pit.
 16040 | Lair:2   | Reached XP level 13. HP: 79/79 MP: 13/13
 16120 | Lair:2   | You fall into a shaft and drop 1 floor!
 16300 | Lair:3   | Reached skill level 5 in Evocations
 16654 | Lair:3   | You fall into a shaft and drop 3 floors!
 16654 | Lair:6   | Entered Level 6 of the Lair of Beasts
 16893 | Lair:5   | Reached *** piety under Wu Jian
 16894 | Lair:5   | Reached skill level 15 in Stealth
 16915 | Lair:4   | Noticed a five-headed hydra
 16921 | Lair:4   | Banished a five-headed hydra
 17226 | Lair:4   | Found a staircase to the Swamp.
 18443 | Lair:3   | Noticed a catoblepas
 18447 | Lair:3   | Killed a catoblepas
 19541 | Lair:5   | Reached skill level 10 in Dodging
 19631 | Lair:5   | Found a staircase to the Slime Pits.
 20036 | Lair:5   | Noticed a six-headed hydra
 20042 | Lair:5   | Banished a six-headed hydra
 20336 | Lair:5   | Reached XP level 14. HP: 86/86 MP: 14/14
 20899 | Lair:6   | Found a shadowy altar of Dithmenos.
 20966 | Lair:6   | Learned a level 2 spell: Swiftness
 21293 | D:10     | Banished Urug
 21433 | D:10     | Reached **** piety under Wu Jian
 21466 | D:10     | Reached skill level 1 in Spellcasting
 21655 | D:10     | Reached skill level 1 in Air Magic
 21736 | D:10     | Reached skill level 15 in Short Blades
 22153 | D:11     | Noticed Erica
 22157 | D:11     | Killed Erica
 22157 | D:11     | Reached skill level 10 in Throwing
 22200 | D:11     | Identified a scroll of acquirement
 22200 | D:11     | Acquired the ring "Keolanan" {Fire rPois rN++ MP+9 Int+4
                  | Stlth+}
 22410 | D:11     | Noticed Josephine
 22412 | D:11     | Killed Josephine
 22712 | D:12     | Found Atapn's Assorted Antiques.
 22716 | D:12     | Reached skill level 10 in Fighting
 23794 | D:12     | Reached XP level 15. HP: 92/92 MP: 19/19
 24205 | D:12     | Bought a coppery potion for 28 gold pieces
 24205 | D:12     | Bought a scroll labeled VEOLEQUASU for 32 gold pieces
 24461 | D:12     | Identified Xareuss's Reference Book on Virous Feathers
 24498 | D:12     | Reached ***** piety under Wu Jian
 24534 | D:13     | Noticed Sonja
 24557 | D:13     | Killed Sonja
 24560 | D:13     | Cast into level 2 of the Abyss (unwielding a weapon of
                  | distortion)
 24600 | Abyss:2  | Noticed a cyan very ugly thing
 24600 | Abyss:2  | Noticed a cyan very ugly thing
 24750 | Abyss:2  | Noticed a tentacled starspawn
 24773 | Abyss:2  | Killed a tentacled starspawn
 24921 | Abyss:2  | Noticed a lich
 24933 | Abyss:2  | Killed a lich
 25483 | D:13     | Escaped the Abyss
 26101 | D:13     | Learned a level 1 spell: Apportation
 26910 | D:14     | Found a portal to a secret trove of treasure.
 27115 | D:14     | Reached XP level 16. HP: 84/99 MP: 23/23
 27523 | D:14     | Reached skill level 5 in Spellcasting
 27674 | D:14     | Found a basalt altar of Yredelemnul.
 27763 | D:14     | Found a gate to the Vaults.
 27820 | D:14     | Noticed a storm dragon
 27955 | Orc:1    | Entered Level 1 of the Orcish Mines
 27993 | Orc:2    | Entered Level 2 of the Orcish Mines
 28167 | Orc:2    | Found Oxouvoan's Weapon Shoppe.
 28578 | Orc:2    | Found a staircase to the Elven Halls.
 28593 | Orc:2    | Reached skill level 5 in Air Magic
 28597 | Orc:2    | Found Ybidufra's Distillery.
 28645 | Orc:2    | Found Ruyd's Antique Weapon Emporium.
 28646 | Orc:2    | Found Hepta's Weapon Shop.
 28653 | Orc:2    | Found Wofricvuluha's Antique Weapon Shop.
 28859 | Orc:2    | Bought a potion of stabbing for 52 gold pieces
 28947 | Orc:2    | Found a large runed translucent door.
 28947 | Orc:2    | Found a large runed translucent door.
 29054 | Orc:2    | Noticed Sar's ghost (journeyman DEDe)
 29058 | Orc:2    | Killed Sar's ghost
 29194 | Orc:1    | Found Comesoew's Antique Weapon Boutique.
 29199 | Orc:1    | Bought a faintly glowing falchion for 216 gold pieces
 29549 | Snake:1  | Entered Level 1 of the Snake Pit
 29734 | Snake:1  | Found Bihamn's Assorted Antiques.
 29742 | Snake:1  | Shot with a bolt by a naga sharpshooter

Illustrated notes

Levels and vault maps discovered:
D:1:      lightli_arrival_flooded_house, layout_rooms, due_unseen_surprise
D:2:      layout_rooms, nicolae_ru_sacrificial_ziggurat
D:3:      layout_loops_ring
D:4:      cheibrodos_old_hovel, layout_cave_pods, temple_fountains,
          patterned_corridor, uniq_edmund, uniq_robin
D:5:      layout_loops_ring, nemelex_xobeh_ov_fountains_minmay,
          lemuel_round_altar, saegor_snake_ambush, uniq_pikel, uniq_eustachio,
          uniq_ijyb
D:6:      corexii_shantytown, layout_basic, tgw_fedhas, uniq_blork_the_orc
D:7:      layout_loops_corners, lemuel_crystal_altar, kennysheep_small_spiral,
          lemuel_altar_in_water
D:8:      layout_loops_ring, lair_entry_dummy, serial_shops,
          nicolae_shop_behind_doors, serial_bayou_pond_a, uniq_psyche
D:9:      layout_basic, marbit_many_paths, orc_0_dummy, special_room
          [special_room_orc], chequers_mini_garden, uniq_erolcha, uniq_harold
D:10:     layout_roguey, kennysheep_boxes, uniq_urug
D:11:     layout_rooms, minmay_orc_keep, uniq_erica, uniq_josephine
D:12:     layout_rooms, serial_shops, shop, serial_undead, serial_undead_a,
          serial_undead_c, serial_undead_b, serial_undead_f, serial_undead_b
D:13:     layout_cave_pools, serial_bayou, serial_bayou_lake_a,
          serial_bayou_lagoon_a, serial_bayou_ford_a, serial_bayou_shore_b,
          uniq_sonja
D:14:     layout_cross, skrybe_vaults_entry_preservation, serial_ice,
          serial_ice_l, serial_ice_h, serial_ice_e, serial_ice_c, enter_trove_2,
          lemuel_mausoleum_altar_yredelemnul,
          minmay_checkered_concentric_circles
Temple:   minmay_crystal_spiral_temple
Lair:1:   layout_gridlike, chequers_serial_rivers_large_b, beast_lair_carwin_8
Lair:2:   layout_chaotic_city, minmay_snake_entry_guardpost_small,
          beast_lair_carwin_6, uniq_nergalle
Lair:3:   layout_layer_cave
Lair:4:   layout_layer_cave, minmay_swamp_entry_worms
Lair:5:   layout_regular_city, minmay_slime_entry_oklob_open,
          minmay_lair_drake_nest, grunt_megastairs_1
Lair:6:   hangedman_lair_caniforms_friends, layout_cave_pods,
          hangedman_lair_in_review, basic_altar, disabler_island
Snake:1:  layout_chambers, serial_shops, nicolae_shop_overgrown_old_shop,
          lemuel_fruit_tree
Orc:1:    layout_diamond_mine, serial_shops, shop_fountains
Orc:2:    st_orc_elflike, layout_diamond_mine, ebering_ghost_disaster_area,
          guppyfry_orc_lava_fort

Skill      XL: |  1  2  3  4  5  6  7  8  9 10 11 12 13 14 15 16 |
---------------+-------------------------------------------------+-----
Short Blades   | 3 4 6 7 9 10 12 13 14 15 16 17 | 17.2
Dodging        | 2 3 4 5 6 7 8 9 10 11 12 | 12.1
Fighting       | 3 4 5 6 7 8 9 10 11 | 11.3
Throwing       | 3 4 5 6 7 8 9 10 11 | 11.4
Stealth        | 6 8 9 10 12 13 14 16 17 | 17.7
Shields        | 2 3 4 |  4.0
Evocations     | 3 4 6 8 9 |  9.8
Spellcasting   | 3 4 5 |  5.5
Air Magic      | 3 4 5 |  5.4

Action                   |  1- 3 |  4- 6 |  7- 9 | 10-12 | 13-15 | 16-18 || total
-------------------------+-------+-------+-------+-------+-------+-------++-------
Melee: Dagger            |    89 |   265 |   523 |   425 |  1171 |   311 ||  2784
Throw: Dart              |       |    12 |    25 |     7 |    13 |     1 ||    58
Invok: Lunge             |       |       |     9 |    46 |   100 |    44 ||   199
       Whirlwind         |       |       |       |    34 |    60 |    59 ||   153
       Serpent's Lash    |       |       |       |       |    13 |     5 ||    18
       Heavenly Storm    |       |       |       |       |       |     1 ||     1
 Abil: Wall Jump         |       |       |       |     1 |       |       ||     1
Evoke: Wand              |       |       |     1 |     5 |    18 |       ||    24
  Use: Potion            |       |     1 |     1 |     5 |     3 |     1 ||    11
       Scroll            |       |       |       |     9 |    19 |     2 ||    30
 Stab: Sleeping          |    15 |    30 |    49 |    40 |    95 |    34 ||   263
       Distracted        |       |     2 |     4 |     1 |     9 |     4 ||    20
       Invisible         |       |     3 |       |       |       |       ||     3
Armor: Robe              |    15 |    26 |    18 |     6 |       |       ||    65
       Leather armour    |       |       |       |    19 |    68 |     7 ||    94
Dodge: Dodged            |    49 |    98 |   224 |   201 |   502 |    84 ||  1158
Block: Other             |     5 |    43 |    39 |       |       |       ||    87
       Reflection        |       |     2 |       |       |       |       ||     2
       Buckler           |       |       |       |    66 |   202 |    36 ||   304

Table legend: (Time is in decaauts)
 A = Elapsed time spent in this place.
 B = Non-inter-level travel time spent in this place.
 C = Inter-level travel time spent in this place.
 D = Time resting spent in this place.
 E = Time spent auto-exploring this place.
 F = Levels seen in this place.
 G = Mean time per level.
                   A        B        C        D        E       F      G
               +--------+--------+--------+--------+--------+-----+--------+
         Total |  28954 |  27692 |   1262 |   9564 |  13481 |  25 | 1158.2 |
       Dungeon |  17547 |  16733 |    814 |   5583 |   8174 |  14 | 1253.4 |
        Temple |    188 |    168 |     20 |      0 |    168 |   1 |  188.0 |
          Lair |   8647 |   8355 |    292 |   2876 |   4416 |   6 | 1441.2 |
     Snake Pit |    183 |    183 |      0 |      0 |    160 |   1 |  183.0 |
  Orcish Mines |   1503 |   1369 |    134 |    546 |    561 |   2 |  751.5 |
         Abyss |    884 |    884 |      0 |    558 |      1 |   1 |  884.0 |
               +--------+--------+--------+--------+--------+-----+--------+

Top non-repeatable levels by time:
  Lair:1: 2668 daAuts
     D:5: 2342 daAuts
     D:4: 1870 daAuts
  Lair:5: 1585 daAuts
    D:12: 1562 daAuts
  Lair:2: 1494 daAuts
     D:8: 1369 daAuts
  Lair:4: 1348 daAuts
     D:6: 1338 daAuts
     D:9: 1303 daAuts
    D:13: 1193 daAuts
     D:7: 1192 daAuts
   Orc:2: 1134 daAuts
     D:3: 1061 daAuts
    D:11: 1019 daAuts
